 Dungeon Crawl Stone Soup version 0.30-a0-881-g1ff12e1e11 (webtiles) character file.

Game seed: 1491806483008802538

296 porpoise the Trooper (level 6, -1/47 HPs)
             Began as a Djinni Fire Elementalist on Mar 15, 2023.
             Slain by a lemure (7 damage)
             ... led by Pikel
             ... on level 4 of the Dungeon.
             The game lasted 00:12:06 (3477 turns).

porpoise the Trooper (Djinni Fire Elementalist)     Turns: 3477, Time: 00:12:07

Health: -1/47      AC:  2    Str: 10    XL:     6   Next: 61%
Gold:   161        EV: 12    Int: 18    God:
                   SH:  0    Dex:  9

rFire   + + +      SeeInvis .    a - +9 spear of Iwkitozif {flame, rPois rF+ Str+3 Dex-5}
rCold   x . .      Faith    .    (no shield)
rNeg    . . .      Spirit   .    i - +0 robe
rPois   ∞          Reflect  .    (no helmet)
rElec   .          Rampage  .    (no cloak)
rCorr   .                        (no gloves)
Will    .....                    (boots unavailable)
Stlth   +                        (no amulet)
HPRegen 0.27/turn                (no ring)
MPRegen 0.00/turn                (no ring)

@: flying, invisible
A: sickness immunity, fire resistance 2, cold vulnerability 1, float, innate
caster, HP casting, extra vitality 1
a: no special abilities


You were on level 4 of the Dungeon.
You visited 1 branch of the dungeon, and saw 4 of its levels.

You collected 161 gold pieces.

Inventory:

Hand Weapons
 a - the +9 spear of Iwkitozif (weapon) {flame, rPois rF+ Str+3 Dex-5}
   (You found it on level 3 of the Dungeon)

   Str:       It affects your strength (+3).
   Dex:       It affects your dexterity (-5).
   rF:        It protects you from fire.
   rPois:     It protects you from poison.
 b - a +0 sling
 c - a +1 morningstar of protection
 p - a +0 mace of draining
Missiles
 d - 2 silver javelins
 g - 9 poisoned darts (quivered)
 h - 3 javelins
Armour
 i - a +0 robe (worn)
Scrolls
 f - a scroll of fear
 k - a scroll of poison {unknown}
 l - a scroll of magic mapping {unknown}
 o - a scroll of vulnerability
 q - a scroll of enchant armour {unknown}
Potions
 e - a potion of experience {unknown}
 j - a potion of haste {unknown}
 n - a potion of attraction {unknown}
 r - a potion of mutation {unknown}


   Skills:
 + Level 4.1 Fighting
 - Level 2.1 Dodging
 - Level 1.5 Stealth
 + Level 4.1 Spellcasting


You knew the following spells:

 Your Spells              Type           Power      Damage    Failure   Level
a - Foxfire               Conj/Fire      72%        2x1d7     2%          1
b - Scorch                Fire           36%        2d7       4%          2
c - Kindle Blastsparks    Fire/Tloc/Air  36%        2d13      8%          3
d - Inner Flame           Hex/Fire       18%        N/A       8%          3
e - Flame Wave            Conj/Fire      18%        2d7       26%         4
f - Slow                  Hex            72%        N/A       2%          1
g - Static Discharge      Conj/Air       36%        2-4/arc   4%          2
Your spell library was empty.

Dungeon Overview and Level Annotations

Branches:
Dungeon (4/15)
 Temple: D:4-7

Altars:
Gozag

Annotations:
D:3 2 runed translucent doors, pigah's ghost, amateur OpWn
D:4 Pikel


Innate Abilities, Weirdness & Mutations

You are immune to sickness and miasma.
You are immune to poison.
Your flesh is very heat resistant. (rF++)
You are vulnerable to cold. (rC-)
You float through the air rather than walking.
You learn spells naturally, not from books.
Your magical power is your life essence.
You have superior vitality. (+4 MHP)


Message History

Reach: a) +9 spear of Iwkitozif {flame, rPois rF+ Str+3 Dex-5}
Press: ? - help, Dir - move target, f - Pikel
Aim: Pikel, wielding a +0 whip of flaming and wearing a +1 robe of willpower (lightly wounded, about 37% to evade the +9 spear of Iwkitozif)
You reach to attack!
You barely miss Pikel.
Pikel is lightly wounded.
The foxfire hits the lemure but does no damage.
The lemure is heavily wounded.
The foxfire hits Pikel.
Pikel is lightly wounded.
The lemure hits you but does no damage.
You hit Pikel. You burn Pikel.
Pikel is moderately wounded.
Pikel hits you with a +0 whip of flaming.
The lemure closely misses you.
A lemure comes into view.
Casting: Foxfire (safe; 2% risk of failure)
Confirm with . or Enter, or press ? or * to list all spells.
Flames lash the lemure.
The lemure is burned terribly!
The lemure is severely wounded.
Pikel hits you with a +0 whip of flaming!
The lemure closely misses you. The lemure hits you.
Casting: Scorch (safe; 4% risk of failure)
Confirm with . or Enter, or press ? or * to list all spells.
You conjure some foxfire!
Pikel hits you with a +0 whip of flaming.
The lemure hits you. The lemure hits you but does no damage.
The foxfire hits the ball python.
You kill the ball python!
You closely miss Pikel.
Pikel is moderately wounded.
The foxfire hits Pikel but does no damage.
Pikel is moderately wounded.
The lemure hits you.
* * * LOW HITPOINT WARNING * * *
Pikel hits you with a +0 whip of flaming.
* * * LOW HITPOINT WARNING * * *
The lemure closely misses you.
You fade into invisibility!
Pikel misses you. The lemure hits you!
You die...

#.#..... . #.#.#... #.
#...#.8. .##.#####
#######...##..
.....#.$###.#.##.....###
........##..............
#.....#...............
#..†..#..###...#.##..
##.K@.##..##..##.#...
#.555†..........<#...
#..5#................
....###.......##...†...
##.. #...##.>..........
#. #........#####.... .
..........# #.##. ..
.....#.....# ##.##.
|..........####...#.


You could see Pikel (unable to see you) and 4 lemures.

Vanquished Creatures
  Duvessa (D:4)
  Dowan (D:4)
  A howler monkey (D:4)
  An adder (D:4)
  An ufetubus (D:3)
  6 worms (D:3)
  2 dart slugs
  3 orcs (D:3)
  5 bats
  4 endoplasms
  A giant cockroach (D:2)
  9 goblins
  6 hobgoblins
  2 jackals (D:2)
  10 kobolds
  2 quokkas (D:2)
  12 ball pythons
  4 frilled lizards
  3 rats
74 creatures vanquished.

Vanquished Creatures (collateral kills)
  A foxfire (D:3)
1 creature vanquished.

Vanquished Creatures (others)
  168 foxfires
168 creatures vanquished.

Grand Total: 243 creatures vanquished

Notes
Turn   | Place    | Note
-------+----------+-------------------------------------------
     0 | D:1      | porpoise the Djinni Fire Elementalist began the quest for
                  | the Orb.
     0 | D:1      | porpoise set off with the following spells memorised:
                  | Foxfire, Scorch, Kindle Blastsparks, Inner Flame, Flame
                  | Wave.
     0 | D:1      | Reached XP level 1. HP: 15/15 MP: 0/0
   101 | D:1      | Reached skill level 1 in Fighting
   101 | D:1      | Reached XP level 2. HP: 19/22 MP: 0/0
   604 | D:1      | Reached XP level 3. HP: 26/27 MP: 0/0
   604 | D:1      | Learned a level 1 spell: Slow
  1109 | D:2      | Found a faded altar of an unknown god.
  1961 | D:3      | Reached XP level 4. HP: 24/33 MP: 0/0
  2402 | D:3      | Found a runed translucent door.
  2410 | D:3      | Noticed pigah's ghost (amateur OpWn)
  2553 | D:3      | Found a runed translucent door.
  2787 | D:3      | Identified the +9 spear of Iwkitozif {flame, rPois rF+
                  | Str+3 Dex-5}
  3182 | D:4      | Found an opulent altar of Gozag.
  3213 | D:4      | Reached XP level 5. HP: 35/40 MP: 0/0
  3213 | D:4      | Learned a level 2 spell: Static Discharge
  3258 | D:4      | Noticed Duvessa
  3261 | D:4      | Noticed Dowan
  3264 | D:4      | Killed Dowan
  3265 | D:4      | Reached XP level 6. HP: 39/46 MP: 0/0
  3269 | D:4      | Killed Duvessa
  3465 | D:4      | Noticed Pikel
  3477 | D:4      | Slain by a lemure

Illustrated notes

Levels and vault maps discovered:
D:1:      lemuel_arrival_behind_the_door_small, layout_loops_ring,
          minmay_pentomino_z2
D:2:      layout_basic, hellmonk_ecumenical_altar_prayer_group, nrook_uturn
D:3:      corexii_shack_village, layout_basic, ebering_ghost_sewer_f,
          minivault_25, nicolae_wormholes
D:4:      layout_cave_pools, okawaru_altar_gauntlet_db, grunt_gozag_statues,
          uniq_duvessa, uniq_pikel

Skill      XL: |  1  2  3  4  5  6 |
---------------+-------------------+-----
Fighting       | 1 2 3 4 |  4.1
Spellcasting   | 3 4 |  4.1
Dodging        | |  2.1
Stealth        | |  1.5

Action                     |  1- 3 |  4- 6 || total
---------------------------+-------+-------++-------
  Melee: Mace              |    33 |     4 ||    37
         Short sword       |     1 |       ||     1
         Spear             |       |     9 ||     9
   Fire: Sling             |     2 |    12 ||    14
  Throw: Dart              |       |     1 ||     1
   Cast: Foxfire           |    39 |    60 ||    99
         Scorch            |       |     7 ||     7
    Use: Scroll            |     3 |     3 ||     6
         Potion            |       |     2 ||     2
   Stab: Sleeping          |     1 |       ||     1
 Armour: Robe              |     7 |     5 ||    12
  Dodge: Dodged            |    22 |    14 ||    36

Table legend: (Time is in decaauts)
 A = Elapsed time spent in this place.
 B = Non-inter-level travel time spent in this place.
 C = Inter-level travel time spent in this place.
 D = Time resting spent in this place.
 E = Time spent auto-exploring this place.
 F = Levels seen in this place.
 G = Mean time per level.
                   A        B        C        D        E       F      G
               +--------+--------+--------+--------+--------+-----+--------+
         Total |   3487 |   3447 |     40 |    858 |   1973 |   4 |  871.8 |
       Dungeon |   3487 |   3447 |     40 |    858 |   1973 |   4 |  871.8 |
               +--------+--------+--------+--------+--------+-----+--------+

Top non-repeatable levels by time:
     D:3: 1343 daAuts
     D:2: 987 daAuts
     D:1: 848 daAuts
     D:4: 307 daAuts
